Map: Hard Lead LE

Players

Straefling

  • Race: Terran Terran
  • League: Platinum
  • Spawn Location: 5:00

SubN - Winner!

  • Race: Zerg Zerg
  • League: Diamond
  • Spawn Location: 11:00

VOD

Have the link to the VOD?

Description

Time

  • Played on: Dec. 20, 2023, 7:47 p.m.
  • Length: 13:10
Show
View Real Time Build Order
Export as new Build Order

Straefling Terran 

Build Orders:  

Get SALT Encoding   

  12  0:00  SCV  
  13  0:12  SCV  
  14  0:22  Supply Depot  
  14  0:24  SCV  
  15  0:43  SCV  
  15  0:45  Barracks  
  15  0:48  Refinery  
  16  0:55  SCV  
  17  1:08  SCV  
  18  1:20  SCV  
  19  1:33  Marine  
  19  1:34  Orbital Command  
  20  1:46  Command Center  
  20  1:51  Barracks Reactor  
  20  2:00  SCV  
  21  2:02  Supply Depot  
  21  2:12  SCV  
  22  2:16  Factory  
  22  2:28  Barracks  
  22  2:29  Marine  
  23  2:34  SCV  
  23  2:36  Refinery  
  24  2:40  Marine  
  25  2:46  SCV  
  26  2:58  Orbital Command  
  26  2:59  Marine x2  
  26  3:01  Factory Tech Lab  
  26  3:05  SCV  
  29  3:15  Barracks Tech Lab  
  29  3:17  Marine x2, SCV  
  32  3:23  Siege Tank  
  35  3:30  SCV x2  
  37  3:37  Supply Depot  
  37  3:38  Marine  
  37  3:40  Marine  
  39  3:42  Marine, SCV  
  39  3:46  Stimpack  
  39  3:48  SCV  
  42  3:54  SCV  
  43  4:02  SCV  
  44  4:03  Marauder, Marine x2  
  44  4:04  Siege Tank  
  44  4:08  SCV  
  52  4:12  Refinery  
  52  4:14  Refinery  
  52  4:21  Engineering Bay  
  52  4:22  Engineering Bay  
  52  4:23  SCV  
  53  4:27  Marine  
  54  4:37  Marine, SCV x2  
  54  4:38  Supply Depot  
  57  4:40  Siege Tank  
  57  4:41  Marine  
  61  4:49  Starport  
  61  4:51  SCV  
  62  4:59  Marine x2, SCV  
  65  5:02  Supply Depot  
  65  5:03  Marine  
  66  5:07  Terran Infantry Weapons Level 1  
  66  5:10  Terran Infantry Armor Level 1  
  66  5:12  SCV  
  67  5:14  SCV  
  68  5:24  Siege Tank  
  68  5:25  Supply Depot, SCV  
  72  5:30  SCV  
  72  5:33  Supply Depot  
  73  5:37  Starport Reactor  
  73  5:38  Supply Depot, Marine  
  73  5:39  Marine  
  73  5:41  Marine  
  76  5:43  SCV  
  76  5:44  SCV  
  78  5:55  SCV  
  78  5:56  Marine, SCV  
  78  5:57  Marine  
  81  5:58  Siege Tank  
  81  6:00  Marauder  
  87  6:07  SCV  
  87  6:08  SCV  
  89  6:13  Medivac  
  89  6:14  Medivac  
  89  6:17  Marine x2  
  95  6:20  SCV x2  
  95  6:21  Marauder  
  99  6:32  Command Center, SCV x2  
  101  6:42  Marine  
  102  6:48  Barracks  
  102  6:53  Barracks  
  102  7:00  Armory  
  102  7:39  Marauder, Marine, SCV  
  95  7:46  Marine x3  
  68  7:57  Marine  
  61  7:59  Siege Tank  
  61  8:00  Marine, Medivac x2  
  61  8:04  Marine  
  71  8:06  SCV  
  71  8:07  Barracks Reactor  
  71  8:08  Barracks Reactor  
  71  8:09  Terran Infantry Weapons Level 2  
  71  8:10  Terran Infantry Armor Level 2  
  71  8:11  Terran Vehicle Weapons Level 1  
  71  8:13  SCV  
  71  8:18  SCV  
  71  8:19  Orbital Command  
  73  8:25  Marine x2  
  73  8:26  Marauder  
  77  8:27  Refinery  
  77  8:28  Command Center  
  77  8:31  Refinery  
  77  8:33  Sensor Tower  
  77  8:35  Barracks  
  77  8:38  Barracks  
  77  8:43  Marine x2  
  77  8:47  Marine  
  80  8:48  Barracks  
  80  8:49  Barracks  
  80  8:50  Marine x3  
  80  8:51  Marine, Siege Tank  
  80  8:52  SCV x2, Medivac x2  
  93  9:01  Marine  
  93  9:02  SCV  
  95  9:04  SCV  
  95  9:05  Marauder, Supply Depot, Marine  
  95  9:07  SCV  
  95  9:08  Marine  
  101  9:11  Marine  
  101  9:14  SCV  
  101  9:16  SCV  
  104  9:19  Supply Depot x2  
  104  9:20  Marine x2  
  104  9:21  Medivac  
  104  9:22  Medivac  
  104  9:24  Siege Tank  
  113  9:26  Marauder  
  115  9:47  Barracks  
  115  9:48  Marine x2  
  115  9:49  Marauder, Marine x8  
  115  9:51  Liberator  
  115  9:52  SCV x2  
  132  10:06  Marine x4  
  132  10:07  Marine x2  
  135  10:10  Marauder  
  135  10:11  Marine x2  
  135  10:12  Refinery x2  
  143  10:14  Barracks, SCV  
  143  10:15  Barracks, SCV  
  144  10:26  Marine x2  
  144  10:27  Barracks Reactor  
  144  10:28  Barracks Reactor  
  146  10:30  SCV x3  
  146  10:31  Marauder  
  151  10:36  Planetary Fortress  
  151  10:42  SCV  
  121  10:53  SCV x2  
  121  10:54  SCV  
  124  11:03  Marine  
  124  11:04  Marauder, Marine x5  
  128  11:05  Marine, SCV x2  
  128  11:06  SCV  
  136  11:17  SCV x2  
  138  11:18  SCV  
  138  11:21  Marine x3  
  138  11:25  Marauder  
  144  11:29  SCV x2  
  144  11:30  Marine x4  
  144  11:32  SCV  
  151  11:44  Marine x4  
  155  11:54  Supply Depot, Marine  
  155  11:57  Marine  
  155  11:58  Marauder  
  155  12:00  Marine x2  
  154  12:09  Siege Tank  
  154  12:10  Liberator  
  145  12:17  Marine x5  
  149  12:47  Marine  
  149  12:50  Marine x3  
  149  12:51  Marine x3  
  149  12:52  Marine x5  
Show
View Real Time Build Order
Export as new Build Order

SubN Zerg - Winner!

Build Orders: Hatch First 

Get SALT Encoding   

  12  0:00  Drone  
  13  0:13  Overlord  
  13  0:20  Drone  
  14  0:31  Drone x2  
  16  0:49  Hatchery  
  15  0:52  Drone  
  15  0:56  Drone  
  17  0:59  Drone  
  18  1:05  Extractor  
  17  1:15  Spawning Pool  
  17  1:18  Drone  
  17  1:22  Drone  
  18  1:31  Drone  
  19  1:39  Drone  
  20  1:55  Overlord  
  20  2:03  Queen  
  20  2:04  Queen  
  24  2:11  Overlord  
  24  2:14  Overlord  
  24  2:17  Drone  
  24  2:22  Metabolic Boost  
  25  2:30  Drone x2  
  25  2:31  Drone  
  28  2:43  Queen  
  30  2:57  Hatchery  
  29  3:00  Drone  
  29  3:02  Drone  
  29  3:05  Drone  
  32  3:08  Drone  
  33  3:18  Drone  
  33  3:19  Queen  
  36  3:24  Drone x2  
  36  3:25  Drone  
  39  3:30  Overlord  
  39  3:34  Drone x2  
  39  3:35  Drone  
  42  3:44  Drone  
  42  3:45  Lair  
  43  3:49  Extractor  
  43  3:51  Drone x3  
  45  3:58  Queen  
  47  4:06  Baneling Nest  
  47  4:07  Drone  
  47  4:09  Drone x2  
  51  4:10  Drone x2  
  51  4:14  Queen  
  53  4:23  Drone x2  
  53  4:24  Drone x3  
  58  4:33  Evolution Chamber  
  58  4:34  Evolution Chamber  
  56  4:39  Extractor  
  56  4:40  Queen  
  56  4:44  Drone  
  56  4:45  Overlord  
  58  4:47  Overlord  
  58  5:02  Queen  
  58  5:05  Drone x3  
  58  5:06  Drone  
  64  5:10  Overseer  
  64  5:12  Overseer, Hydralisk Den  
  63  5:17  Overlord  
  63  5:22  Drone x11  
  63  5:27  Extractor, Zerg Missile Weapons Level 1  
  73  5:30  Zerg Ground Armor Level 1  
  73  5:42  Drone  
  74  5:43  Drone x2  
  74  5:47  Extractor  
  75  5:52  Grooved Spines  
  75  5:53  Overlord x3  
  75  5:57  Overlord  
  75  6:05  Hydralisk  
  75  6:06  Hydralisk x2  
  81  6:19  Drone  
  81  6:20  Drone x2  
  81  6:21  Drone  
  81  6:22  Drone x3  
  81  6:23  Drone  
  81  6:24  Drone  
  90  6:28  Extractor  
  90  6:29  Centrifugal Hooks  
  89  6:33  Hydralisk, Overlord x2  
  89  6:34  Hydralisk x4  
  99  6:42  Muscular Augments  
  99  6:51  Drone  
  99  6:52  Spore Crawler  
  99  7:08  Zergling x2  
  99  7:09  Zergling x30  
  99  7:11  Hatchery  
  115  7:24  Zerg Melee Weapons Level 1, Zergling x2  
  115  7:25  Zergling x4  
  115  7:28  Baneling, Spore Crawler  
  115  7:29  Baneling x14  
  105  7:51  Hydralisk x6  
  85  7:52  Hydralisk x3  
  103  8:01  Drone x3  
  106  8:07  Zerg Ground Armor Level 2  
  106  8:12  Zergling x2  
  107  8:13  Zergling x4  
  109  8:31  Extractor x2  
  109  8:32  Hatchery  
  106  8:36  Zergling x2  
  106  8:37  Zergling x26  
  106  8:41  Drone  
  121  8:54  Infestation Pit  
  120  9:00  Drone x6  
  120  9:01  Drone  
  127  9:05  Baneling  
  127  9:06  Baneling x22  
  127  9:07  Baneling x11  
  127  9:16  Hydralisk  
  129  9:18  Overlord x4, Zerg Missile Weapons Level 2  
  129  9:19  Overlord x2  
  129  9:22  Overseer x2  
  129  9:26  Zergling x2  
  130  9:37  Hive  
  130  9:44  Drone x14  
  144  10:04  Zergling x2  
  144  10:05  Zergling x2  
  144  10:06  Zergling x20  
  156  10:13  Queen  
  158  10:18  Spore Crawler x2  
  156  10:23  Overlord x2  
  156  10:25  Zergling x2  
  156  10:26  Zergling x12  
  163  10:30  Zergling x2  
  163  10:31  Zergling x12  
  155  10:48  Hatchery  
  140  10:50  Extractor x2  
  140  10:56  Zergling x20  
  140  10:57  Zergling x6  
  145  10:59  Baneling  
  145  11:00  Baneling  
  145  11:01  Baneling x14  
  145  11:16  Hatchery  
  145  11:17  Extractor  
  143  11:19  Viper x4  
  155  11:25  Zergling x2  
  155  11:26  Zergling x22  
  167  11:42  Overseer  
  130  12:18  Hydralisk  
  130  12:19  Hydralisk x5  
  130  12:22  Zergling x6  
  145  12:23  Zergling x36  
  145  12:26  Queen  
  164  12:38  Baneling  
  164  12:39  Baneling x9  
  164  12:40  Zergling x8  
  164  12:41  Zergling x18  
  177  12:44  Baneling  
  177  12:45  Baneling x11  
Tags
 
Add a new tag
Caveats
  • Supply blocks, unpowered buildings, or Contaminate may cause inaccurate times.
  • Supply counts are checked every 10 seconds.